 Dungeon Crawl Stone Soup version 0.30-a0-596-g0af90f9a20 (webtiles) character file.

Game seed: 11649009413311369504

240 Chaicat the Covered (level 5, -2/48 HPs)
             Began as a Minotaur Fighter on Jan 6, 2023.
             Slain by a hound (4 damage)
             ... on level 6 of the Dungeon.
             The game lasted 00:04:54 (2784 turns).

Chaicat the Covered (Minotaur Fighter)              Turns: 2784, Time: 00:04:55

Health: -2/48      AC: 12    Str: 22    XL:     5   Next: 79%
Magic:  4/4        EV:  6    Int:  5    God:
Gold:   155        SH:  5    Dex: 10    Spells: 4/4 levels left

rFire   . . .      SeeInvis .    a - +1 war axe
rCold   . . .      Faith    .    c - +0 buckler
rNeg    . . .      Spirit   .    f - +0 plate armour
rPois   .          Reflect  .    (helmet restricted)
rElec   .          Harm     .    (no cloak)
rCorr   .          Rampage  .    (no gloves)
Will    .....                    (no boots) Stlth
                                 (no amulet)
HPRegen 0.28/turn                (no ring)
MPRegen 0.09/turn                (no ring)

@: no status effects
A: horns 2, retaliatory headbutt
a: no special abilities


You were on level 6 of the Dungeon.
You visited 1 branch of the dungeon, and saw 5 of its levels.

You collected 155 gold pieces.

Inventory:

Hand Weapons
 a - a +1 war axe (weapon)
Armour
 b - a +0 kite shield
 c - a +0 buckler (worn)
 f - a +0 plate armour (worn)
Scrolls
 e - 5 scrolls of identify
 j - a scroll of enchant weapon
Potions
 d - 3 potions of might
 g - 3 potions of haste {unknown}
 h - a potion of heal wounds {unknown}
 i - a potion of lignification {unknown}


   Skills:
 + Level 5.0 Fighting
 + Level 4.2 Axes
 + Level 5.1 Armour
 - Level 5.0 Shields


You had 4 spell levels left.
You didn't know any spells.
Your spell library contained the following spells:

 Spells                   Type           Power      Damage    Failure   Level
 Blink                    Tloc           0%         N/A       100%        2
 Momentum Strike          Conj/Tloc      0%         3d8       100%        2
 Sublimation of Blood     Necr           0%         N/A       100%        2
 Wereblood                Tmut           0%         N/A       100%        2
 Dazzling Flash           Conj/Hex       0%         N/A       100%        3
 Lesser Beckoning         Tloc           0%         N/A       100%        3
 Iskenderun's Mystic Bla  Conj/Tloc      0%         2d3       100%        4
 Starburst                Conj/Fire      0%         6d3       100%        6
 Summon Hydra             Summ           0%         N/A       100%        7


Dungeon Overview and Level Annotations

Branches:
Dungeon (4/15)
 Temple: D:4-7

Altars:
Kikubaaqudgha
Sif Muna

Annotations:
D:6 Pikel


Innate Abilities, Weirdness & Mutations

You have a pair of horns on your head.
You reflexively headbutt those who attack you in melee.


Message History

You block the hound's attack. The hound barely misses you.
The hound attacks as you move away! The hound bites you but does no damage.
Found a stone staircase leading up.
The hound bites you but does no damage.
You see here a +0 kite shield.
b - a +0 kite shield You block the hound's attack. 2 orcs come into view.
The orc shouts!
You hear a shout!
Something shouts, "Begone, thou vain limp-willed tiler!"
The hound bites you but does no damage.
The orc moves out of view.
The hound bites you but does no damage.
You slash the orc!
You kill the orc!
You hit the hound. You closely miss the lemure.
The hound bites you but does no damage. x2
The hound attacks as you move away! You block the hound's attack.
The lemure attacks as you move away! The lemure hits you but does no damage.
A white imp comes into view.
An orc comes into view. It is wielding a +0 flail.
The orc completely misses you. You furiously retaliate!
You headbutt the orc!
You kill the orc!
Training target 5.0 for Shields reached!
Your Shields skill increases to level 5!
You see here a +0 mace.
The lemure attacks as you move away! You block the lemure's attack.
The hound stops to sniff the ground.
The hound bites you but does no damage.
Things that are here:
a +0 club; an orc corpse The lemure attacks as you move away!
You block the lemure's attack. 2 orcs come into view.
You block the orc's attack. The white imp gestures at you.
The puff of frost hits you!
* * * LOW HITPOINT WARNING * * *
The orc hits you with a +0 flail.
* * * LOW HITPOINT WARNING * * *
The lemure completely misses you. The hound bites you.
You die...

#..# #..# #..# #o.# #..#
#o.# ## ##o.##
+.####h@..##
#..##55.5..#
#.#).........#
######+####..h........##
.#...........####....##
#...........## ....#
...........## ...##
...........# ...#
.!.........# #.


You could see a black bear, 2 lemures, a hound, a white imp and 3 orcs.

Vanquished Creatures
  A sky beast (D:6)
  An orc priest (D:3)
  A gnoll (D:1)
  2 adders
  2 worms (D:3)
  2 dart slugs
  9 orcs
  11 bats
  3 endoplasms (D:1)
  5 giant cockroaches
  7 goblins
  5 hobgoblins
  4 jackals (D:3)
  5 ball pythons
  A frilled lizard (D:3)
  7 kobolds
  5 rats
71 creatures vanquished.

Vanquished Creatures (others)
  2 withered plants (D:3)
2 creatures vanquished.

Grand Total: 73 creatures vanquished

Notes
Turn   | Place    | Note
-------+----------+-------------------------------------------
     0 | D:1      | Chaicat the Minotaur Fighter began the quest for the Orb.
     0 | D:1      | Reached XP level 1. HP: 19/19 MP: 0/0
    90 | D:1      | Reached XP level 2. HP: 26/26 MP: 1/1
   381 | D:1      | Reached XP level 3. HP: 33/33 MP: 2/2
   763 | D:1      | Found a faded altar of an unknown god.
   927 | D:2      | Found a shimmering blue altar of Sif Muna.
  1782 | D:3      | Reached XP level 4. HP: 40/40 MP: 3/3
  1906 | D:3      | Found an ancient bone altar of Kikubaaqudgha.
  2515 | D:4      | You fall into a shaft and drop 2 floors!
  2551 | D:6      | Noticed a sky beast
  2581 | D:6      | Killed a sky beast
  2582 | D:6      | Reached skill level 5 in Armour
  2582 | D:6      | Reached XP level 5. HP: 10/47 MP: 4/4
  2722 | D:6      | Noticed a lemure
  2722 | D:6      | Noticed Pikel
  2723 | D:6      | Noticed a lemure
  2738 | D:6      | Noticed a lemure
  2744 | D:6      | Noticed a lemure
  2745 | D:6      | Noticed a black bear
  2765 | D:6      | Reached skill level 5 in Fighting
  2782 | D:6      | Reached skill level 5 in Shields
  2784 | D:6      | HP: 2/48 [orc/+0 flail (2)]
  2784 | D:6      | Slain by a hound

Illustrated notes

Levels and vault maps discovered:
D:1:      dpeg_arrival_stonehenge_12_columns, layout_basic,
          chequers_ecumenical_altar_grove
D:2:      layout_basic, basic_altar
D:3:      layout_basic, kiku_gazebo_garden_becter
D:4:      layout_gridville, marbit_many_paths, minmay_temple_entry_fiery,
          gammafunk_ghost_stat_death
D:6:      layout_layer_cave, kennysheep_little_box, nicolae_specific_store,
          uniq_pikel

Skill      XL: |  1  2  3  4  5 |
---------------+----------------+-----
Armour         | 4 5 |  5.1
Fighting       | 4 5 |  5.0
Shields        | 4 5 |  5.0
Axes           | 3 4 |  4.2

Action                   |  1- 3 |  4- 6 || total
-------------------------+-------+-------++-------
Melee: War axe           |    88 |    85 ||   173
       Headbutt          |    11 |    12 ||    23
  Use: Scroll            |     3 |     3 ||     6
Armor: Scale mail        |    30 |       ||    30
       Plate armour      |    39 |    76 ||   115
Dodge: Dodged            |    36 |    37 ||    73
Block: Buckler           |    21 |    30 ||    51

Table legend: (Time is in decaauts)
 A = Elapsed time spent in this place.
 B = Non-inter-level travel time spent in this place.
 C = Inter-level travel time spent in this place.
 D = Time resting spent in this place.
 E = Time spent auto-exploring this place.
 F = Levels seen in this place.
 G = Mean time per level.
                   A        B        C        D        E       F      G
               +--------+--------+--------+--------+--------+-----+--------+
         Total |   2847 |   2688 |    159 |    137 |   1965 |   5 |  569.4 |
       Dungeon |   2847 |   2688 |    159 |    137 |   1965 |   5 |  569.4 |
               +--------+--------+--------+--------+--------+-----+--------+

Top non-repeatable levels by time:
     D:1: 926 daAuts
     D:2: 870 daAuts
     D:3: 751 daAuts
     D:6: 279 daAuts
     D:4: 19 daAuts
